Workbook
Name \0: #REF!
Name \00: #REF!
Name \a: #REF!
Name \AA: [1]LIQUIDACION!#REF!
Name \b: [2]STRSUMM0!#REF!
Name \bb: [2]STRSUMM0!#REF!
Name \E: #REF!
Name \EE: #REF!
Name \G: #REF!
Name \k: '[3]7422CW00'!#REF!
Name \l: [4]STRSUMM0!#REF!
Name \M: #REF!
Name \ñ: '[5]7422CW00'!#REF!
Name \P: #REF!
Name \R: #REF!
Name \s: #REF!
Name \V: #REF!
Name \X: [0]!ERR
Name \Z: [0]!ERR
Name _________AFC1: [6]INV!$A$25:$D$28
Name _________AFC3: [6]INV!$F$25:$I$28
Name _________AFC5: [6]INV!$K$25:$N$28
Name _________BGC1: [6]INV!$A$5:$D$8
Name _________BGC3: [6]INV!$F$5:$I$8
Name _________BGC5: [6]INV!$K$5:$N$8
Name _________CAC1: [6]INV!$A$19:$D$22
Name _________CAC3: [6]INV!$F$19:$I$22
Name _________CAC5: [6]INV!$K$19:$N$22
Name _________PJ50: #REF!
Name _________SBC1: [6]INV!$A$12:$D$15
Name _________SBC3: [6]INV!$F$12:$I$15
Name _________SBC5: [6]INV!$K$12:$N$15
Name ________AFC1: [6]INV!$A$25:$D$28
Name ________AFC3: [6]INV!$F$25:$I$28
Name ________AFC5: [6]INV!$K$25:$N$28
Name ________BGC1: [6]INV!$A$5:$D$8
Name ________BGC3: [6]INV!$F$5:$I$8
Name ________BGC5: [6]INV!$K$5:$N$8
Name ________CAC1: [6]INV!$A$19:$D$22
Name ________CAC3: [6]INV!$F$19:$I$22
Name ________CAC5: [6]INV!$K$19:$N$22
Name ________MA2: #REF!
Name ________PJ50: #REF!
Name ________SBC1: [6]INV!$A$12:$D$15
Name ________SBC3: [6]INV!$F$12:$I$15
Name ________SBC5: [6]INV!$K$12:$N$15
Name _______AFC1: [6]INV!$A$25:$D$28
Name _______AFC3: [6]INV!$F$25:$I$28
Name _______AFC5: [6]INV!$K$25:$N$28
Name _______BGC1: [6]INV!$A$5:$D$8
Name _______BGC3: [6]INV!$F$5:$I$8
Name _______BGC5: [6]INV!$K$5:$N$8
Name _______CAC1: [6]INV!$A$19:$D$22
Name _______CAC3: [6]INV!$F$19:$I$22
Name _______CAC5: [6]INV!$K$19:$N$22
Name _______MA2: #REF!
Name _______PJ50: #REF!
Name _______SBC1: [6]INV!$A$12:$D$15
Name _______SBC3: [6]INV!$F$12:$I$15
Name _______SBC5: [6]INV!$K$12:$N$15

Sheet PRESUPUESTO OFICIAL (Entida (2)
B1: Formulario 1 - Propuesta económica - Documento tipo de selección abreviada de menor cuantía - versión 1
B2: Versión: 1 del 21 de agosto de 2025
C5: FORMULARIO 1
C6: PRESUPUESTO OFICIAL
C7: [La entidad puede utilizar este formulario de detalle del presupuesto oficial para determinar las condiciones bajo las cuales los proponentes analizarán y presentarán su propuesta económica de forma detallada, sin perjuicio que la entidad pueda modificarlo o establecer la presentación de la oferta económica con un formulario distinto al indicado.]
C9: Adicionalmente, cuando el proceso de contratación es estructurado por precios unitarios, la Entidad debe aplicar las notas 1, 2 y 3 del presente formulario y las casillas de "Descripción", "Porcentaje" de la Administración, Imprevisto, Utilidad y total A.I.U. resaltadas en colo amarillo. Tratándose de otras modalidades de precio, la Entidad puede o no configurar los mismos aspectos.
C11: Nº | D11: ITEM DE PAGO | E11: ESPECIFICACIONES | G11: DESCRIPCION | H11: UND. | I11: CANTIDAD | J11: VALOR UNITARIO | K11: VALOR TOTAL
E12: GENERAL | F12: PARTICULAR
C13: 1 | G13: CANCHA BARRIO QUINCE DE NOVIEMBRE
C14: 1.1 | G14: =PPT!D12 -> Limpieza, lavado y adecuación superficial de escenario deportivo existente | H14: =PPT!E12 -> UND | I14: =PPT!F12 -> 1 | J14: =PPT!G12 -> 500044 | K14: =PPT!H12 -> 500044
C15: 1.2 | G15: =PPT!D13 -> Resane y reparación puntual de fisuras, desprendimientos e imperfecciones en superficie de concreto | H15: =PPT!E13 -> GLB | I15: =PPT!F13 -> 1 | J15: =PPT!G13 -> 435595 | K15: =PPT!H13 -> 435595
C16: 1.3 | G16: =PPT!D14 -> Demarcación reglamentaria de superficie deportiva mediante aplicación de pintura de tráfico | H16: =PPT!E14 -> ML | I16: =PPT!F14 -> 250 | J16: =PPT!G14 -> 6119 | K16: =PPT!H14 -> 1529750
C17: 1.4 | G17: =PPT!D15 -> Suministro y aplicación de pintura acrílica especializada para superficies deportivas | H17: =PPT!E15 -> M2 | I17: =PPT!F15 -> 360 | J17: =PPT!G15 -> 23678 | K17: =PPT!H15 -> 8524080
C18: 1.5 | G18: =PPT!D16 -> Mantenimiento correctivo y preventivo de estructuras metálicas de porterías deportivas | H18: =PPT!E16 -> UND | I18: =PPT!F16 -> 2 | J18: =PPT!G16 -> 125482 | K18: =PPT!H16 -> 250964
C19: 1.6 | G19: =PPT!D17 -> Mantenimiento y adecuación de tableros y elementos de baloncesto existentes | H19: =PPT!E17 -> UND | I19: =PPT!F17 -> 2 | J19: =PPT!G17 -> 295321 | K19: =PPT!H17 -> 590642
C20: 1.7 | G20: =PPT!D18 -> Suministro e instalación de luminaria LED tipo Roy Alpha Calima II de 250 W, incluye fotocelda, bombillo, accesorios eléctricos y puesta en funcionamiento | H20: =PPT!E18 -> UND | I20: =PPT!F18 -> 1 | J20: =PPT!G18 -> 524157 | K20: =PPT!H18 -> 524157
C21: Subtotal | K21: =SUM(K14:K20) -> 12355232
C22: 2 | G22: CANCHA BARRIO EL OBRERO
C23: 2.1 | G23: Limpieza, lavado y adecuación superficial de escenario deportivo existente | H23: UND | I23: 1 | J23: =PPT!G21 -> 500044 | K23: =PPT!H21 -> 500044
C24: 2.2 | G24: Resane y reparación puntual de fisuras, desprendimientos e imperfecciones en superficie de concreto | H24: GLB | I24: 1 | J24: =PPT!G22 -> 435595 | K24: =PPT!H22 -> 435595
C25: 2.3 | G25: Demarcación reglamentaria de superficie deportiva mediante aplicación de pintura de tráfico | H25: ML | I25: 250 | J25: =PPT!G23 -> 6119 | K25: =PPT!H23 -> 1529750
C26: 2.4 | G26: Suministro y aplicación de pintura acrílica especializada para superficies deportivas | H26: M2 | I26: 360 | J26: =PPT!G24 -> 23678 | K26: =PPT!H24 -> 8524080
C27: 2.5 | G27: Mantenimiento y adecuación de tableros y elementos de baloncesto existentes | H27: UND | I27: 2 | J27: =PPT!G25 -> 295321 | K27: =PPT!H25 -> 590642
C28: 2.6 | G28: Suministro e instalación de lampara Roy Alpha tipo calima ll 250 ws, incl. fotocelda y bombillo | H28: UND | I28: 1 | J28: =PPT!G26 -> 524157 | K28: =PPT!H26 -> 524157
C29: Subtotal | K29: =SUM(K23:K28) -> 12104268
C30: 3 | G30: CANCHA BARRIO PRIMERO DE MAYO
C31: 3.1 | G31: Limpieza, lavado y adecuación superficial de escenario deportivo existente | H31: UND | I31: 1 | J31: =PPT!G29 -> 500044 | K31: =PPT!H29 -> 500044
C32: 3.2 | G32: Resane y reparación puntual de fisuras, desprendimientos e imperfecciones en superficie de concreto | H32: GLB | I32: 1 | J32: =PPT!G30 -> 435595 | K32: =PPT!H30 -> 435595
C33: 3.3 | G33: Demarcación reglamentaria de superficie deportiva mediante aplicación de pintura de tráfico | H33: ML | I33: 250 | J33: =PPT!G31 -> 6119 | K33: =PPT!H31 -> 1529750
C34: 3.4 | G34: Suministro y aplicación de pintura acrílica especializada para superficies deportivas | H34: M2 | I34: 360 | J34: =PPT!G32 -> 23678 | K34: =PPT!H32 -> 8524080
C35: 3.5 | G35: Mantenimiento correctivo y preventivo de estructuras metálicas de porterías deportivas | H35: UND | I35: 2 | J35: =PPT!G33 -> 125482 | K35: =PPT!H33 -> 250964
C36: Subtotal | K36: =SUM(K31:K35) -> 11240433
C37: 4 | G37: CANCHA PARQUE DE LA GUITARRA
C38: 4.1 | G38: Limpieza, lavado y adecuación superficial de escenario deportivo existente | H38: UND | I38: 1 | J38: =PPT!G36 -> 500044 | K38: =PPT!H36 -> 500044
C39: 4.2 | G39: Resane y reparación puntual de fisuras, desprendimientos e imperfecciones en superficie de concreto | H39: GLB | I39: 1 | J39: =PPT!G37 -> 435595 | K39: =PPT!H37 -> 435595
C40: 4.3 | G40: Suministro e instalación de lampara Roy Alpha tipo calima ll 250 ws, incl. fotocelda y bombillo | H40: UND | I40: 1 | J40: =PPT!G38 -> 524157 | K40: =PPT!H38 -> 524157
C41: subtotal | K41: =SUM(K38:K40) -> 1459796
C42: 5 | G42: CANCHA PARQUE LA SALCHIPAPA
C43: 5.1 | G43: =PPT!D41 -> Limpieza, lavado y adecuación superficial de escenario deportivo existente | H43: =PPT!E41 -> UND | I43: =PPT!F41 -> 1 | J43: =PPT!G41 -> 500044 | K43: =PPT!H41 -> 500044
C44: 5.2 | G44: =PPT!D42 -> Resane y reparación puntual de fisuras, desprendimientos e imperfecciones en superficie de concreto | H44: =PPT!E42 -> GLB | I44: =PPT!F42 -> 1 | J44: =PPT!G42 -> 435595 | K44: =PPT!H42 -> 435595
C45: 5.3 | G45: =PPT!D43 -> Demarcación reglamentaria de superficie deportiva mediante aplicación de pintura de tráfico | H45: =PPT!E43 -> ML | I45: =PPT!F43 -> 250 | J45: =PPT!G43 -> 6119 | K45: =PPT!H43 -> 1529750
C46: 5.4 | G46: =PPT!D44 -> Suministro y aplicación de pintura acrílica especializada para superficies deportivas | H46: =PPT!E44 -> M2 | I46: =PPT!F44 -> 360 | J46: =PPT!G44 -> 23678 | K46: =PPT!H44 -> 8524080
C47: 5.5 | G47: =PPT!D45 -> Suministro e instalación de arco metálico reglamentario para fútbol sala, incluye anclajes y fijaciones | H47: =PPT!E45 -> UND | I47: =PPT!F45 -> 1 | J47: =PPT!G45 -> 2288482 | K47: =PPT!H45 -> 2288482
C48: 5.6 | G48: =PPT!D46 -> Mantenimiento correctivo y preventivo de estructuras metálicas de porterías deportivas | H48: =PPT!E46 -> UND | I48: =PPT!F46 -> 2 | J48: =PPT!G46 -> 125482 | K48: =PPT!H46 -> 250964
C49: Subtotal | K49: =SUM(K43:K48) -> 13528915
C50: 6 | G50: CANCHA BARRIO INSTITUTO
C51: 6.1 | G51: =PPT!D49 -> Limpieza, lavado y adecuación superficial de escenario deportivo existente | H51: =PPT!E49 -> UND | I51: =PPT!F49 -> 1 | J51: =PPT!G49 -> 500044 | K51: =PPT!H49 -> 500044
C52: 6.2 | G52: =PPT!D50 -> Resane y reparación puntual de fisuras, desprendimientos e imperfecciones en superficie de concreto | H52: =PPT!E50 -> GLB | I52: =PPT!F50 -> 1 | J52: =PPT!G50 -> 435595 | K52: =PPT!H50 -> 435595
C53: 6.3 | G53: =PPT!D51 -> Demarcación reglamentaria de superficie deportiva mediante aplicación de pintura de tráfico | H53: =PPT!E51 -> ML | I53: =PPT!F51 -> 250 | J53: =PPT!G51 -> 6119 | K53: =PPT!H51 -> 1529750
C54: 6.4 | G54: =PPT!D52 -> Suministro y aplicación de pintura acrílica especializada para superficies deportivas | H54: =PPT!E52 -> M2 | I54: =PPT!F52 -> 360 | J54: =PPT!G52 -> 23678 | K54: =PPT!H52 -> 8524080
C55: 6.5 | G55: =PPT!D53 -> Suministro e instalación de lampara Roy Alpha tipo calima ll 250 ws, incl. fotocelda y bombillo | H55: =PPT!E53 -> UND | I55: =PPT!F53 -> 1 | J55: =PPT!G53 -> 524157 | K55: =PPT!H53 -> 524157
C56: 6.6 | G56: =PPT!D54 -> Mantenimiento correctivo y preventivo de estructuras metálicas de porterías deportivas | H56: =PPT!E54 -> UND | I56: =PPT!F54 -> 2 | J56: =PPT!G54 -> 125482 | K56: =PPT!H54 -> 250964
C57: Subtotal | K57: =SUM(K51:K56) -> 11764590
C58: 7 | G58: CANCHA BARRIO LA ANTILLANA
C59: 7.1 | G59: =PPT!D57 -> Limpieza, lavado y adecuación superficial de escenario deportivo existente | H59: =PPT!E57 -> UND | I59: =PPT!F57 -> 1 | J59: =PPT!G57 -> 500044 | K59: =PPT!H57 -> 500044
C60: 7.2 | G60: =PPT!D58 -> Resane y reparación puntual de fisuras, desprendimientos e imperfecciones en superficie de concreto | H60: =PPT!E58 -> GLB | I60: =PPT!F58 -> 1 | J60: =PPT!G58 -> 435595 | K60: =PPT!H58 -> 435595
C61: 7.3 | G61: =PPT!D59 -> Demarcación reglamentaria de superficie deportiva mediante aplicación de pintura de tráfico | H61: =PPT!E59 -> ML | I61: =PPT!F59 -> 250 | J61: =PPT!G59 -> 6119 | K61: =PPT!H59 -> 1529750
C62: 7.4 | G62: =PPT!D60 -> Suministro y aplicación de pintura acrílica especializada para superficies deportivas | H62: =PPT!E60 -> M2 | I62: =PPT!F60 -> 360 | J62: =PPT!G60 -> 23678 | K62: =PPT!H60 -> 8524080
C63: 7.5 | G63: =PPT!D61 -> Mantenimiento y adecuación de tableros y elementos de baloncesto existentes | H63: =PPT!E61 -> UND | I63: =PPT!F61 -> 2 | J63: =PPT!G61 -> 295321 | K63: =PPT!H61 -> 590642
C64: 7.6 | G64: =PPT!D62 -> Mantenimiento correctivo y preventivo de estructuras metálicas de porterías deportivas | H64: =PPT!E62 -> UND | I64: =PPT!F62 -> 2 | J64: =PPT!G62 -> 125482 | K64: =PPT!H62 -> 250964
C65: subtotal | K65: =SUM(K59:K64) -> 11831075
C66: 8 | G66: CANCHA BARRIO SAN JOSÉ
C67: 8.1 | G67: =PPT!D65 -> Limpieza, lavado y adecuación superficial de escenario deportivo existente | H67: =PPT!E65 -> UND | I67: =PPT!F65 -> 1 | J67: =PPT!G65 -> 500044 | K67: =PPT!H65 -> 500044
C68: 8.2 | G68: =PPT!D66 -> Resane y reparación puntual de fisuras, desprendimientos e imperfecciones en superficie de concreto | H68: =PPT!E66 -> GLB | I68: =PPT!F66 -> 1 | J68: =PPT!G66 -> 435595 | K68: =PPT!H66 -> 435595
C69: 8.3 | G69: =PPT!D67 -> Demarcación reglamentaria de superficie deportiva mediante aplicación de pintura de tráfico | H69: =PPT!E67 -> ML | I69: =PPT!F67 -> 250 | J69: =PPT!G67 -> 6119 | K69: =PPT!H67 -> 1529750
C70: 8.4 | G70: =PPT!D68 -> Suministro y aplicación de pintura acrílica especializada para superficies deportivas | H70: =PPT!E68 -> M2 | I70: =PPT!F68 -> 270 | J70: =PPT!G68 -> 23678 | K70: =PPT!H68 -> 6393060
C71: 8.5 | G71: =PPT!D69 -> Mantenimiento correctivo y preventivo de estructuras metálicas de porterías deportivas | H71: =PPT!E69 -> UND | I71: =PPT!F69 -> 2 | J71: =PPT!G69 -> 125482 | K71: =PPT!H69 -> 250964
C72: 8.6 | G72: =PPT!D70 -> Suministro e instalación de lampara Roy Alpha tipo calima ll 250 ws, incl. fotocelda y bombillo | H72: =PPT!E70 -> UND | I72: =PPT!F70 -> 1 | J72: =PPT!G70 -> 524157 | K72: =PPT!H70 -> 524157
C73: Subtotal | K73: =SUM(K67:K72) -> 9633570
C74: 9 | G74: CANCHA PARQUE LA ESPERANZA
C75: 9.1 | G75: =PPT!D73 -> Limpieza, lavado y adecuación superficial de escenario deportivo existente | H75: =PPT!E73 -> UND | I75: =PPT!F73 -> 1 | J75: =PPT!G73 -> 500044 | K75: =PPT!H73 -> 500044
C76: 9.2 | G76: =PPT!D74 -> Resane y reparación puntual de fisuras, desprendimientos e imperfecciones en superficie de concreto | H76: =PPT!E74 -> GLB | I76: =PPT!F74 -> 1 | J76: =PPT!G74 -> 435595 | K76: =PPT!H74 -> 435595
C77: 9.3 | G77: =PPT!D75 -> Mantenimiento y adecuación de tableros y elementos de baloncesto existentes | H77: =PPT!E75 -> UND | I77: =PPT!F75 -> 2 | J77: =PPT!G75 -> 295321 | K77: =PPT!H75 -> 590642
C78: 9.4 | G78: =PPT!D76 -> Suministro e instalación de lampara Roy Alpha tipo calima ll 250 ws, incl. fotocelda y bombillo | H78: =PPT!E76 -> UND | I78: =PPT!F76 -> 1 | J78: =PPT!G76 -> 524157 | K78: =PPT!H76 -> 524157
C79: subtotal | K79: =SUM(K75:K78) -> 2050438
C80: 10 | G80: CANCHA PARQUE EL SOCORRO
C81: 10.1 | G81: =PPT!D79 -> Limpieza, lavado y adecuación superficial de escenario deportivo existente | H81: =PPT!E79 -> UND | I81: =PPT!F79 -> 1 | J81: =PPT!G79 -> 500044 | K81: =PPT!H79 -> 500044
C82: 10.2 | G82: =PPT!D80 -> Resane y reparación puntual de fisuras, desprendimientos e imperfecciones en superficie de concreto | H82: =PPT!E80 -> GLB | I82: =PPT!F80 -> 1 | J82: =PPT!G80 -> 435595 | K82: =PPT!H80 -> 435595
C83: 10.3 | G83: =PPT!D81 -> Suministro y aplicación de pintura acrílica especializada para superficies deportivas | H83: =PPT!E81 -> M2 | I83: =PPT!F81 -> 360 | J83: =PPT!G81 -> 23678 | K83: =PPT!H81 -> 8524080
C84: 10.4 | G84: =PPT!D82 -> Demarcación reglamentaria de superficie deportiva mediante aplicación de pintura de tráfico | H84: =PPT!E82 -> ML | I84: =PPT!F82 -> 250 | J84: =PPT!G82 -> 6119 | K84: =PPT!H82 -> 1529750
C85: 10.5 | G85: =PPT!D83 -> Suministro e instalación de lampara Roy Alpha tipo calima ll 250 ws, incl. fotocelda y bombillo | H85: =PPT!E83 -> UND | I85: =PPT!F83 -> 1 | J85: =PPT!G83 -> 524157 | K85: =PPT!H83 -> 524157
C86: Subtotal | K86: =SUM(K81:K85) -> 11513626
C87: 11 | G87: CANCHA BARRIO EL TESORO
C88: 11.1 | G88: =PPT!D86 -> Limpieza, lavado y adecuación superficial de escenario deportivo existente | H88: =PPT!E86 -> UND | I88: =PPT!F86 -> 1 | J88: =PPT!G86 -> 252844 | K88: =PPT!H86 -> 252844
C89: 11.2 | G89: =PPT!D87 -> Resane y reparación puntual de fisuras, desprendimientos e imperfecciones en superficie de concreto | H89: =PPT!E87 -> GLB | I89: =PPT!F87 -> 1 | J89: =PPT!G87 -> 435595 | K89: =PPT!H87 -> 435595
C90: 11.3 | G90: =PPT!D88 -> Demarcación reglamentaria de superficie deportiva mediante aplicación de pintura de tráfico | H90: =PPT!E88 -> ML | I90: =PPT!F88 -> 250 | J90: =PPT!G88 -> 6119 | K90: =PPT!H88 -> 1529750
C91: 11.4 | G91: =PPT!D89 -> Suministro y aplicación de pintura acrílica especializada para superficies deportivas | H91: =PPT!E89 -> M2 | I91: =PPT!F89 -> 360 | J91: =PPT!G89 -> 23678 | K91: =PPT!H89 -> 8524080
C92: 11.5 | G92: =PPT!D90 -> Suministro e instalación de cerramiento en malla eslabonada galvanizada, incluye estructura de soporte y accesorios de fijación | H92: =PPT!E90 -> ML | I92: =PPT!F90 -> 30 | J92: =PPT!G90 -> 94847 | K92: =PPT!H90 -> 2845410
C93: 11.6 | G93: =PPT!D91 -> Mantenimiento correctivo y preventivo de estructuras metálicas de porterías deportivas | H93: =PPT!E91 -> UND | I93: =PPT!F91 -> 2 | J93: =PPT!G91 -> 125482 | K93: =PPT!H91 -> 250964
C94: Subtotal | K94: =SUM(K88:K93) -> 13838643
C95: 12 | G95: CANCHA DE LLERASCA
C96: 12.1 | G96: =PPT!D94 -> Limpieza, lavado y adecuación superficial de escenario deportivo existente | H96: =PPT!E94 -> UND | I96: =PPT!F94 -> 1 | J96: =PPT!G94 -> 500044 | K96: =PPT!H94 -> 500044
C97: 12.2 | G97: =PPT!D95 -> Suministro e instalación de lampara Roy Alpha tipo calima ll 250 ws, incl. fotocelda y bombillo | H97: =PPT!E95 -> UND | I97: =PPT!F95 -> 2 | J97: =PPT!G95 -> 524157 | K97: =PPT!H95 -> 1048314
C98: 12.3 | G98: =PPT!D96 -> Demarcación reglamentaria de superficie deportiva mediante aplicación de pintura de tráfico | H98: =PPT!E96 -> ML | I98: =PPT!F96 -> 250 | J98: =PPT!G96 -> 6119 | K98: =PPT!H96 -> 1529750
C99: Subtotal | K99: =SUM(K96:K98) -> 3078108
C100: SUBTOTAL OBRAS
G102: SUBTOTAL OBRAS (INCLUYE IVA) | K102: =K21+K29+K36+K41+K49+K57+K65+K73+K79+K86+K94+K99 -> 114398694
G103: ADMINISTRACION | I103: 0.26 | K103: =K102*I103 -> 29743660
G104: IMPREVISTO | I104: 0.01 | K104: =K102*I104 -> 1143986.9
G105: UTILIDAD | I105: 0.05 | K105: =K102*I105 -> 5719934.7
...

Sheet PPT PRINCIPAL
E4: Mejoramiento y Adecuación De Escenarios Recreo Deportivos En El Municipio De Agustín Codazzi - Cesar | I4: SECRETARIA DE EDUCACION
E6: INGETIQUES S.A.S.
E7: NIT 901875361 - 7
E8: PRESUPUESTO GENERAL
D10: ITEMS | E10: CANCHAS A MEJORAR | I10: PRESUPUESTO
D11: 1 | E11: =PPT!C9 -> CANCHA BARRIO QUINCE DE NOVIEMBRE | I11: =PPT!D10 -> 12355232
D12: 2 | E12: =PPT!C19 -> CANCHA BARRIO EL OBRERO | I12: =PPT!D20 -> 12104268
D13: 3 | E13: =PPT!C27 -> CANCHA BARRIO PRIMERO DE MAYO | I13: =PPT!D28 -> 11240433
D14: 4 | E14: =PPT!C34 -> CANCHA PARQUE DE LA GUITARRA | I14: =PPT!D35 -> 1459796
D15: 5 | E15: =PPT!C39 -> CANCHA PARQUE LA SALCHIPAPA | I15: =PPT!D40 -> 13528915
D16: 6 | E16: =PPT!C47 -> CANCHA BARRIO INSTITUTO | I16: =PPT!D48 -> 11764590
D17: 7 | E17: =PPT!C55 -> CANCHA BARRIO LA ANTILLANA | I17: =PPT!D56 -> 11831075
D18: 8 | E18: =PPT!C63 -> CANCHA BARRIO SAN JOSÉ | I18: =PPT!D64 -> 9633570
D19: 9 | E19: =PPT!C71 -> CANCHA PARQUE LA ESPERANZA | I19: =PPT!D72 -> 2050438
D20: 10 | E20: =PPT!C77 -> CANCHA PARQUE EL SOCORRO | I20: =PPT!D78 -> 11513626
D21: 11 | E21: =PPT!C84 -> CANCHA BARRIO EL TESORO | I21: =PPT!D85 -> 13838643
D22: 12 | E22: =PPT!C92 -> CANCHA LLERASCA | I22: =PPT!D93 -> 3078108
E25: SUBTOTAL COSTOS DIRECTO DEL PROYECTO | I25: =SUM(I11:J22) -> 114398694
F26: ADMINISTRACIÓN | H26: 0.26 | I26: =+I25*H26 -> 29743660
F27: IMPREVISTOS | H27: 0.01 | I27: =I25*H27 -> 1143986.9
F28: UTILIDAD | H28: 0.05 | I28: =I25*H28 -> 5719934.7
E29: TOTAL COSTO DEL PROYECTO | I29: =+I25+I26+I27+I28 -> 1.5100628e+08

Sheet PPT
D3: Mejoramiento y Adecuación De Escenarios Recreo Deportivos En El Municipio De Agustín Codazzi - Cesar | H3: SECRETARIA DE EDUCACION
D5: INGETIQUES S.A.S.
D6: NIT 901875361 - 7
D7: PRESUPUESTO GENERAL
C9: CANCHA BARRIO QUINCE DE NOVIEMBRE
C10: 1 | D10: =SUM(H12:H18) -> 12355232
C11: ITEM | D11: DESCRIPCIÓN | E11: UND | F11: CANT | G11: VLR UNIT | H11: VLR TOTAL
C12: 1.1 | D12: Limpieza, lavado y adecuación superficial de escenario deportivo existente | E12: UND | F12: 1 | G12: =+APU!G84 -> 500044 | H12: =+G12*F12 -> 500044
C13: 1.2 | D13: Resane y reparación puntual de fisuras, desprendimientos e imperfecciones en superficie de concreto | E13: GLB | F13: 1 | G13: =+APU!G138 -> 435595 | H13: =+G13*F13 -> 435595
C14: 1.3 | D14: Demarcación reglamentaria de superficie deportiva mediante aplicación de pintura de tráfico | E14: ML | F14: 250 | G14: =+APU!G57 -> 6119 | H14: =+G14*F14 -> 1529750
C15: 1.4 | D15: Suministro y aplicación de pintura acrílica especializada para superficies deportivas | E15: M2 | F15: 360 | G15: =+APU!G29 -> 23678 | H15: =+G15*F15 -> 8524080
C16: 1.5 | D16: Mantenimiento correctivo y preventivo de estructuras metálicas de porterías deportivas | E16: UND | F16: 2 | G16: =+APU!G166 -> 125482 | H16: =+G16*F16 -> 250964
C17: 1.6 | D17: Mantenimiento y adecuación de tableros y elementos de baloncesto existentes | E17: UND | F17: 2 | G17: =+APU!G249 -> 295321 | H17: =+G17*F17 -> 590642
C18: 1.7 | D18: Suministro e instalación de luminaria LED tipo Roy Alpha Calima II de 250 W, incluye fotocelda, bombillo, accesorios eléctricos y puesta en funcionamiento | E18: UND | F18: 1 | G18: =+APU!G111 -> 524157 | H18: =+G18*F18 -> 524157
C19: CANCHA BARRIO EL OBRERO
C20: 2 | D20: =SUM(H21:H26) -> 12104268
C21: 2.1 | D21: Limpieza, lavado y adecuación superficial de escenario deportivo existente | E21: UND | F21: 1 | G21: =+APU!G84 -> 500044 | H21: =+G21*F21 -> 500044
C22: 2.2 | D22: Resane y reparación puntual de fisuras, desprendimientos e imperfecciones en superficie de concreto | E22: GLB | F22: 1 | G22: =+APU!G138 -> 435595 | H22: =+G22*F22 -> 435595
C23: 2.3 | D23: Demarcación reglamentaria de superficie deportiva mediante aplicación de pintura de tráfico | E23: ML | F23: 250 | G23: =+APU!G57 -> 6119 | H23: =+G23*F23 -> 1529750
C24: 2.4 | D24: Suministro y aplicación de pintura acrílica especializada para superficies deportivas | E24: M2 | F24: 360 | G24: =+APU!G29 -> 23678 | H24: =+G24*F24 -> 8524080
C25: 2.5 | D25: Mantenimiento y adecuación de tableros y elementos de baloncesto existentes | E25: UND | F25: 2 | G25: =+APU!G249 -> 295321 | H25: =+G25*F25 -> 590642
C26: 2.6 | D26: Suministro e instalación de lampara Roy Alpha tipo calima ll 250 ws, incl. fotocelda y bombillo | E26: UND | F26: 1 | G26: =+APU!G111 -> 524157 | H26: =+G26*F26 -> 524157
C27: CANCHA BARRIO PRIMERO DE MAYO
C28: 3 | D28: =SUM(H29:H33) -> 11240433
C29: 3.1 | D29: Limpieza, lavado y adecuación superficial de escenario deportivo existente | E29: UND | F29: 1 | G29: =+APU!G84 -> 500044 | H29: =+G29*F29 -> 500044
C30: 3.2 | D30: Resane y reparación puntual de fisuras, desprendimientos e imperfecciones en superficie de concreto | E30: GLB | F30: 1 | G30: =+APU!G138 -> 435595 | H30: =+G30*F30 -> 435595
C31: 3.3 | D31: Demarcación reglamentaria de superficie deportiva mediante aplicación de pintura de tráfico | E31: ML | F31: 250 | G31: =+APU!G57 -> 6119 | H31: =+G31*F31 -> 1529750
C32: 3.4 | D32: Suministro y aplicación de pintura acrílica especializada para superficies deportivas | E32: M2 | F32: 360 | G32: =+APU!G29 -> 23678 | H32: =+G32*F32 -> 8524080
C33: 3.5 | D33: Mantenimiento correctivo y preventivo de estructuras metálicas de porterías deportivas | E33: UND | F33: 2 | G33: =+APU!G166 -> 125482 | H33: =+G33*F33 -> 250964
C34: CANCHA PARQUE DE LA GUITARRA
C35: 4 | D35: =SUM(H36:H38) -> 1459796
C36: 4.1 | D36: Limpieza, lavado y adecuación superficial de escenario deportivo existente | E36: UND | F36: 1 | G36: =+APU!G84 -> 500044 | H36: =+G36*F36 -> 500044
C37: 4.2 | D37: Resane y reparación puntual de fisuras, desprendimientos e imperfecciones en superficie de concreto | E37: GLB | F37: 1 | G37: =+APU!G138 -> 435595 | H37: =+G37*F37 -> 435595
C38: 4.3 | D38: Suministro e instalación de lampara Roy Alpha tipo calima ll 250 ws, incl. fotocelda y bombillo | E38: UND | F38: 1 | G38: =+APU!G111 -> 524157 | H38: =+G38*F38 -> 524157
C39: CANCHA PARQUE LA SALCHIPAPA
C40: 5 | D40: =SUM(H41:H46) -> 13528915
C41: 5.1 | D41: Limpieza, lavado y adecuación superficial de escenario deportivo existente | E41: UND | F41: 1 | G41: =+APU!G84 -> 500044 | H41: =+G41*F41 -> 500044
C42: 5.2 | D42: Resane y reparación puntual de fisuras, desprendimientos e imperfecciones en superficie de concreto | E42: GLB | F42: 1 | G42: =+APU!G138 -> 435595 | H42: =+G42*F42 -> 435595
C43: 5.3 | D43: Demarcación reglamentaria de superficie deportiva mediante aplicación de pintura de tráfico | E43: ML | F43: 250 | G43: =+APU!G57 -> 6119 | H43: =+G43*F43 -> 1529750
C44: 5.4 | D44: Suministro y aplicación de pintura acrílica especializada para superficies deportivas | E44: M2 | F44: 360 | G44: =+APU!G29 -> 23678 | H44: =+G44*F44 -> 8524080
C45: 5.5 | D45: Suministro e instalación de arco metálico reglamentario para fútbol sala, incluye anclajes y fijaciones | E45: UND | F45: 1 | G45: =+APU!G195 -> 2288482 | H45: =+G45*F45 -> 2288482
C46: 5.6 | D46: Mantenimiento correctivo y preventivo de estructuras metálicas de porterías deportivas | E46: UND | F46: 2 | G46: =+APU!G166 -> 125482 | H46: =+G46*F46 -> 250964
C47: CANCHA BARRIO INSTITUTO
C48: 6 | D48: =SUM(H49:H54) -> 11764590
C49: 6.1 | D49: Limpieza, lavado y adecuación superficial de escenario deportivo existente | E49: UND | F49: 1 | G49: =+APU!G84 -> 500044 | H49: =+G49*F49 -> 500044
C50: 6.2 | D50: Resane y reparación puntual de fisuras, desprendimientos e imperfecciones en superficie de concreto | E50: GLB | F50: 1 | G50: =+APU!G138 -> 435595 | H50: =+G50*F50 -> 435595
C51: 6.3 | D51: Demarcación reglamentaria de superficie deportiva mediante aplicación de pintura de tráfico | E51: ML | F51: 250 | G51: =+APU!G57 -> 6119 | H51: =+G51*F51 -> 1529750
C52: 6.4 | D52: Suministro y aplicación de pintura acrílica especializada para superficies deportivas | E52: M2 | F52: 360 | G52: =+APU!G29 -> 23678 | H52: =+G52*F52 -> 8524080
C53: 6.5 | D53: Suministro e instalación de lampara Roy Alpha tipo calima ll 250 ws, incl. fotocelda y bombillo | E53: UND | F53: 1 | G53: =+APU!G111 -> 524157 | H53: =+G53*F53 -> 524157
C54: 6.6 | D54: Mantenimiento correctivo y preventivo de estructuras metálicas de porterías deportivas | E54: UND | F54: 2 | G54: =+APU!G166 -> 125482 | H54: =+G54*F54 -> 250964
C55: CANCHA BARRIO LA ANTILLANA
C56: 7 | D56: =SUM(H57:H62) -> 11831075
C57: 7.1 | D57: Limpieza, lavado y adecuación superficial de escenario deportivo existente | E57: UND | F57: 1 | G57: =+APU!G84 -> 500044 | H57: =+G57*F57 -> 500044
C58: 7.2 | D58: Resane y reparación puntual de fisuras, desprendimientos e imperfecciones en superficie de concreto | E58: GLB | F58: 1 | G58: =+APU!G138 -> 435595 | H58: =+G58*F58 -> 435595
C59: 7.3 | D59: Demarcación reglamentaria de superficie deportiva mediante aplicación de pintura de tráfico | E59: ML | F59: 250 | G59: =+APU!G57 -> 6119 | H59: =+G59*F59 -> 1529750
C60: 7.4 | D60: Suministro y aplicación de pintura acrílica especializada para superficies deportivas | E60: M2 | F60: 360 | G60: =+APU!G29 -> 23678 | H60: =+G60*F60 -> 8524080
C61: 7.5 | D61: Mantenimiento y adecuación de tableros y elementos de baloncesto existentes | E61: UND | F61: 2 | G61: =+APU!G249 -> 295321 | H61: =+G61*F61 -> 590642
C62: 7.6 | D62: Mantenimiento correctivo y preventivo de estructuras metálicas de porterías deportivas | E62: UND | F62: 2 | G62: =+APU!G166 -> 125482 | H62: =+G62*F62 -> 250964
C63: CANCHA BARRIO SAN JOSÉ
C64: 8 | D64: =SUM(H65:H70) -> 9633570
C65: 8.1 | D65: Limpieza, lavado y adecuación superficial de escenario deportivo existente | E65: UND | F65: 1 | G65: =+APU!G84 -> 500044 | H65: =+G65*F65 -> 500044
C66: 8.2 | D66: Resane y reparación puntual de fisuras, desprendimientos e imperfecciones en superficie de concreto | E66: GLB | F66: 1 | G66: =+APU!G138 -> 435595 | H66: =+G66*F66 -> 435595
C67: 8.3 | D67: Demarcación reglamentaria de superficie deportiva mediante aplicación de pintura de tráfico | E67: ML | F67: 250 | G67: =+APU!G57 -> 6119 | H67: =+G67*F67 -> 1529750
C68: 8.4 | D68: Suministro y aplicación de pintura acrílica especializada para superficies deportivas | E68: M2 | F68: 270 | G68: =+APU!G29 -> 23678 | H68: =+G68*F68 -> 6393060
C69: 8.5 | D69: Mantenimiento correctivo y preventivo de estructuras metálicas de porterías deportivas | E69: UND | F69: 2 | G69: =+APU!G166 -> 125482 | H69: =+G69*F69 -> 250964
C70: 8.6 | D70: Suministro e instalación de lampara Roy Alpha tipo calima ll 250 ws, incl. fotocelda y bombillo | E70: UND | F70: 1 | G70: =+APU!G111 -> 524157 | H70: =+G70*F70 -> 524157
C71: CANCHA PARQUE LA ESPERANZA
C72: 9 | D72: =SUM(H73:H76) -> 2050438
C73: 9.1 | D73: Limpieza, lavado y adecuación superficial de escenario deportivo existente | E73: UND | F73: 1 | G73: =+APU!G84 -> 500044 | H73: =+G73*F73 -> 500044
C74: 9.2 | D74: Resane y reparación puntual de fisuras, desprendimientos e imperfecciones en superficie de concreto | E74: GLB | F74: 1 | G74: =+APU!G138 -> 435595 | H74: =+G74*F74 -> 435595
C75: 9.3 | D75: Mantenimiento y adecuación de tableros y elementos de baloncesto existentes | E75: UND | F75: 2 | G75: =+APU!G249 -> 295321 | H75: =+G75*F75 -> 590642
C76: 9.4 | D76: Suministro e instalación de lampara Roy Alpha tipo calima ll 250 ws, incl. fotocelda y bombillo | E76: UND | F76: 1 | G76: =+APU!G111 -> 524157 | H76: =+G76*F76 -> 524157
C77: CANCHA PARQUE EL SOCORRO
C78: 10 | D78: =SUM(H79:H83) -> 11513626
C79: 10.1 | D79: Limpieza, lavado y adecuación superficial de escenario deportivo existente | E79: UND | F79: 1 | G79: =+APU!G84 -> 500044 | H79: =+G79*F79 -> 500044
C80: 10.2 | D80: Resane y reparación puntual de fisuras, desprendimientos e imperfecciones en superficie de concreto | E80: GLB | F80: 1 | G80: =+APU!G138 -> 435595 | H80: =+G80*F80 -> 435595
C81: 10.3 | D81: Suministro y aplicación de pintura acrílica especializada para superficies deportivas | E81: M2 | F81: 360 | G81: =+APU!G29 -> 23678 | H81: =+G81*F81 -> 8524080
C82: 10.4 | D82: Demarcación reglamentaria de superficie deportiva mediante aplicación de pintura de tráfico | E82: ML | F82: 250 | G82: =+APU!G57 -> 6119 | H82: =+G82*F82 -> 1529750
C83: 10.5 | D83: Suministro e instalación de lampara Roy Alpha tipo calima ll 250 ws, incl. fotocelda y bombillo | E83: UND | F83: 1 | G83: =+APU!G111 -> 524157 | H83: =+G83*F83 -> 524157
C84: CANCHA BARRIO EL TESORO
C85: 11 | D85: =SUM(H86:H91) -> 13838643
C86: 11.1 | D86: Limpieza, lavado y adecuación superficial de escenario deportivo existente | E86: UND | F86: 1 | G86: 252844 | H86: =+G86*F86 -> 252844
C87: 11.2 | D87: Resane y reparación puntual de fisuras, desprendimientos e imperfecciones en superficie de concreto | E87: GLB | F87: 1 | G87: =+APU!G138 -> 435595 | H87: =+G87*F87 -> 435595
C88: 11.3 | D88: Demarcación reglamentaria de superficie deportiva mediante aplicación de pintura de tráfico | E88: ML | F88: 250 | G88: =+APU!G57 -> 6119 | H88: =+G88*F88 -> 1529750
C89: 11.4 | D89: Suministro y aplicación de pintura acrílica especializada para superficies deportivas | E89: M2 | F89: 360 | G89: =+APU!G29 -> 23678 | H89: =+G89*F89 -> 8524080
C90: 11.5 | D90: Suministro e instalación de cerramiento en malla eslabonada galvanizada, incluye estructura de soporte y accesorios de fijación | E90: ML | F90: 30 | G90: =+APU!G222 -> 94847 | H90: =+G90*F90 -> 2845410
C91: 11.6 | D91: Mantenimiento correctivo y preventivo de estructuras metálicas de porterías deportivas | E91: UND | F91: 2 | G91: =+APU!G166 -> 125482 | H91: =+G91*F91 -> 250964
C92: CANCHA LLERASCA
C93: 12 | D93: =SUM(H94:H96) -> 3078108
C94: 12.1 | D94: Limpieza, lavado y adecuación superficial de escenario deportivo existente | E94: UND | F94: 1 | G94: =+APU!G84 -> 500044 | H94: =+G94*F94 -> 500044
C95: 12.2 | D95: Suministro e instalación de lampara Roy Alpha tipo calima ll 250 ws, incl. fotocelda y bombillo | E95: UND | F95: 2 | G95: =+APU!G111 -> 524157 | H95: =+G95*F95 -> 1048314
C96: 12.3 | D96: Demarcación reglamentaria de superficie deportiva mediante aplicación de pintura de tráfico | E96: ML | F96: 250 | G96: =+APU!G57 -> 6119 | H96: =+G96*F96 -> 1529750
D99: SUBTOTAL COSTOS DIRECTO DEL PROYECTO | H99: =D10+D20+D28+D35+D40+D48+D56+D64+D72+D78+D85+D93 -> 114398694
E100: ADMINISTRACIÓN | G100: 0.26 | H100: =+H99*G100 -> 29743660
E101: IMPREVISTOS | G101: 0.01 | H101: =$H$99*G101 -> 1143986.9
E102: UTILIDAD | G102: 0.05 | H102: =$H$99*G102 -> 5719934.7
D103: TOTAL COSTO DEL PROYECTO | H103: =+H99+H100+H101+H102 -> 1.5100628e+08

Sheet APU
B2: ANÁLISIS DE PRECIOS UNITARIOS
B3: No. DEL ÍTEM: | D3: 1 | E3: UNIDAD: | G3: =[112]FINAL!C130 -> M2
B4: DESCRIPCIÓN DEL ÍTEM: | D4: Suministro y aplicación de pintura acrílica especializada para superficies deportivas
B5: PROYECTO:
B6: 1. EQUIPO, HERRAMIENTAS Y/O MAQUINARIA
B7: DESCRIPCIÓN | D7: UNIDAD | E7: PRECIO UNITARIO | F7: CANTIDAD | G7: VALOR PARCIAL
B9: HERRAMIENTAS MENORES | D9: %MO | F9: 0.03 | G9: =G23*F9 -> 261.25515
B10: SUBTOTAL | G10: =SUM(G9:G9) -> 261.25515
B11: 2. MATERIALES EN OBRA
B12: DESCRIPCIÓN | D12: UNIDAD | E12: PRECIO UNITARIO | F12: CANTIDAD | G12: VALOR PARCIAL
B14: =+INSUMOS!B909 -> PINTURA PARA CANCHAS Y PISOS ANTIDESLIZANTE | D14: =+INSUMOS!C909 -> GAL | E14: =+INSUMOS!D909 -> 147900 | F14: 0.09 | G14: =E14*F14 -> 13311
B15: =+INSUMOS!B921 -> CINTA DE ENMASCARAR 1/2" | D15: =+INSUMOS!C921 -> UND | E15: =+INSUMOS!D921 -> 3846 | F15: 0.2 | G15: =E15*F15 -> 769.2
B16: =+INSUMOS!B925 -> BROCHA 3" | D16: =+INSUMOS!C925 -> UND | E16: =+INSUMOS!D925 -> 8000 | F16: 0.025 | G16: =E16*F16 -> 200
B17: DESPERDICIO | D17: %MT | F17: 0.03 | G17: =(SUM(G14:G16))*F17 -> 428.406
B18: SUBTOTAL | G18: =SUM(G14:G17) -> 14708.606
B19: 3. MANO DE OBRA
B20: TRABAJADOR | C20: UNIDAD | E20: JORNAL | F20: RENDIMIENTO (HORAS) | G20: VALOR PARCIAL
B22: =+INSUMOS!B915 -> CUADRILLA CC - PINTURA | C22: =[112]INSUMOS!C12 -> HC | E22: =+INSUMOS!D915 -> 47073 | F22: 0.185 | G22: =E22*F22 -> 8708.505
B23: SUBTOTAL | G23: =SUM(G22:G22) -> 8708.505
B24: 4. TRANSPORTES
B25: DESCRIPCIÓN | C25: UNIDAD | D25: DISTANCIA (KM) | E25: CANTIDAD (M3) | F25: TARIFA/KM | G25: VALOR PARCIAL
B28: SUBTOTAL | G28: =G27 -> 0
B29: TOTAL COSTOS DIRECTOS | G29: =ROUND(G28+G23+G18+G10,0) -> 23678
B30: ANÁLISIS DE PRECIOS UNITARIOS
B31: No. DEL ÍTEM: | D31: 2 | E31: UNIDAD: | G31: ML
B32: DESCRIPCIÓN DEL ÍTEM: | D32: Demarcación reglamentaria de superficie deportiva mediante aplicación de pintura de tráfico
B33: PROYECTO:
B34: 1. EQUIPO, HERRAMIENTAS Y/O MAQUINARIA
B35: DESCRIPCIÓN | D35: UNIDAD | E35: PRECIO UNITARIO | F35: CANTIDAD | G35: VALOR PARCIAL
B37: HERRAMIENTAS MENORES | D37: %MO | F37: 0.03 | G37: =G51*F37 -> 70.6095
B38: SUBTOTAL | G38: =SUM(G37:G37) -> 70.6095
B39: 2. MATERIALES EN OBRA
B40: DESCRIPCIÓN | D40: UNIDAD | E40: PRECIO UNITARIO | F40: CANTIDAD | G40: VALOR PARCIAL
B42: =+INSUMOS!B905 -> PINTURA ACRILICA PURA PARA TRAFICO | D42: =+INSUMOS!C905 -> GAL | E42: =+INSUMOS!D905 -> 87250 | F42: 0.03 | G42: =E42*F42 -> 2617.5
B43: =+INSUMOS!B921 -> CINTA DE ENMASCARAR 1/2" | D43: =+INSUMOS!C921 -> UND | E43: =+INSUMOS!D921 -> 3846 | F43: 0.2 | G43: =E43*F43 -> 769.2
B44: =+INSUMOS!B925 -> BROCHA 3" | D44: =+INSUMOS!C925 -> UND | E44: =+INSUMOS!D925 -> 8000 | F44: 0.025 | G44: =E44*F44 -> 200
B45: DESPERDICIO | D45: %MT | F45: 0.03 | G45: =(SUM(G42:G44))*F45 -> 107.601
B46: SUBTOTAL | G46: =SUM(G42:G45) -> 3694.301
B47: 3. MANO DE OBRA
B48: TRABAJADOR | C48: UNIDAD | E48: JORNAL | F48: RENDIMIENTO (HORAS) | G48: VALOR PARCIAL
B50: =+INSUMOS!B915 -> CUADRILLA CC - PINTURA | C50: =+INSUMOS!C915 -> HC | E50: =+INSUMOS!D915 -> 47073 | F50: 0.05 | G50: =E50*F50 -> 2353.65
B51: SUBTOTAL | G51: =SUM(G50:G50) -> 2353.65
B52: 4. TRANSPORTES
B53: DESCRIPCIÓN | C53: UNIDAD | D53: DISTANCIA (KM) | E53: CANTIDAD (M3) | F53: TARIFA/KM | G53: VALOR PARCIAL
B56: SUBTOTAL | G56: =G55 -> 0
B57: TOTAL COSTOS DIRECTOS | G57: =ROUND(G56+G51+G46+G38,0) -> 6119
B58: ANÁLISIS DE PRECIOS UNITARIOS
B59: No. DEL ÍTEM: | D59: 3 | E59: UNIDAD: | G59: UND
B60: DESCRIPCIÓN DEL ÍTEM: | D60: Limpieza, lavado y adecuación superficial de escenario deportivo existente
B61: PROYECTO:
B62: 1. EQUIPO, HERRAMIENTAS Y/O MAQUINARIA
B63: DESCRIPCIÓN | D63: UNIDAD | E63: PRECIO UNITARIO | F63: CANTIDAD | G63: VALOR PARCIAL
B65: =+INSUMOS!B953 -> HIDROLAVADORA | D65: %MO | E65: =+INSUMOS!D953 -> 110000 | F65: 1 | G65: =E65*F65 -> 110000
B66: SUBTOTAL | G66: =SUM(G65:G65) -> 110000
B67: 2. MATERIALES EN OBRA
B68: DESCRIPCIÓN | D68: UNIDAD | E68: PRECIO UNITARIO | F68: CANTIDAD | G68: VALOR PARCIAL
B70: =+INSUMOS!B951 -> AGUA | D70: =+INSUMOS!C951 -> M3 | E70: =+INSUMOS!D951 -> 98000 | F70: 3 | G70: =E70*F70 -> 294000
B71: =+INSUMOS!B952 -> DETERGENTE | D71: =+INSUMOS!C952 -> GL | E71: =+INSUMOS!D952 -> 30000 | F71: 1.5 | G71: =E71*F71 -> 45000
B72: DESPERDICIO | D72: %MT | F72: 0.03 | G72: =(SUM(G70:G71))*F72 -> 10170
B73: SUBTOTAL | G73: =SUM(G70:G72) -> 349170
B74: 3. MANO DE OBRA
B75: TRABAJADOR | C75: UNIDAD | E75: JORNAL | F75: RENDIMIENTO (HORAS) | G75: VALOR PARCIAL
B77: =+INSUMOS!B914 -> CUADRILLA AA - ALBAÑILERIA | C77: =[112]INSUMOS!C68 -> 0 | E77: =+INSUMOS!D914 -> 40874 | F77: 1 | G77: =E77*F77 -> 40874
B78: SUBTOTAL | G78: =SUM(G77:G77) -> 40874
B79: 4. TRANSPORTES
B80: DESCRIPCIÓN | C80: UNIDAD | D80: DISTANCIA (KM) | E80: CANTIDAD (M3) | F80: TARIFA/KM | G80: VALOR PARCIAL
B83: SUBTOTAL | G83: =G82 -> 0
B84: TOTAL COSTOS DIRECTOS | G84: =ROUND(G83+G78+G73+G66,0) -> 500044
B85: ANÁLISIS DE PRECIOS UNITARIOS
B86: No. DEL ÍTEM: | D86: 4 | E86: UNIDAD: | G86: UND
B87: DESCRIPCIÓN DEL ÍTEM: | D87: Suministro e instalación de luminaria LED tipo Roy Alpha Calima II de 250 W, incluye fotocelda, bombillo, accesorios eléctricos y puesta en funcionamiento
B88: PROYECTO: | C88: =$C$978 -> 0
B89: 1. EQUIPO, HERRAMIENTAS Y/O MAQUINARIA
B90: DESCRIPCIÓN | D90: UNIDAD | E90: PRECIO UNITARIO | F90: CANTIDAD | G90: VALOR PARCIAL
B92: HERRAMIENTAS MENORES | D92: %MO | F92: 0.03 | G92: =G105*F92 -> 1537.71
B93: SUBTOTAL | G93: =SUM(G92:G92) -> 1537.71
B94: 2. MATERIALES EN OBRA
B95: DESCRIPCIÓN | D95: UNIDAD | E95: PRECIO UNITARIO | F95: CANTIDAD | G95: VALOR PARCIAL
B97: =+INSUMOS!B944 -> LAMPARA ROY ALPHA TIPO CALIMA II 250 W S, INCL. FOTOCELDA Y BOMBILLO | D97: =+INSUMOS!C944 -> UND | E97: =+INSUMOS!D944 -> 455522.72 | F97: 1 | G97: =E97*F97 -> 455522.72
B98: =+INSUMOS!B948 -> ALAMBRE SOLIDO NO. 10 | D98: =[112]INSUMOS!$C$45 -> MT | E98: =+INSUMOS!D948 -> 3500 | F98: 4 | G98: =E98*F98 -> 14000
B99: =+INSUMOS!B949 -> CINTA AISLANTE SUPER 33 X 20M | D99: =+INSUMOS!C949 -> ROLLO | E99: =+INSUMOS!D949 -> 23000 | F99: 0.08 | G99: =E99*F99 -> 1840
B100: SUBTOTAL | G100: =SUM(G97:G99) -> 471362.72
B101: 3. MANO DE OBRA
B102: TRABAJADOR | C102: UNIDAD | E102: JORNAL | F102: RENDIMIENTO (HORAS) | G102: VALOR PARCIAL
B104: =+INSUMOS!B916 -> CUADRILLA EE - ELECTRICOS | C104: =+INSUMOS!C916 -> HC | E104: =+INSUMOS!D916 -> 51257 | F104: 1 | G104: =E104*F104 -> 51257
B105: SUBTOTAL | G105: =SUM(G104:G104) -> 51257
B106: 4. TRANSPORTES
B107: DESCRIPCIÓN | C107: UNIDAD | D107: DISTANCIA (KM) | E107: CANTIDAD (M3) | F107: TARIFA/KM | G107: VALOR PARCIAL
B110: SUBTOTAL | G110: =G109 -> 0
B111: TOTAL COSTOS DIRECTOS | G111: =ROUND(G110+G105+G100+G93,0) -> 524157
B112: ANÁLISIS DE PRECIOS UNITARIOS
B113: No. DEL ÍTEM: | D113: 5 | E113: UNIDAD: | G113: GLB
B114: DESCRIPCIÓN DEL ÍTEM: | D114: Resane y reparación puntual de fisuras, desprendimientos e imperfecciones en superficie de concreto
B115: PROYECTO: | C115: =$C$978 -> 0
B116: 1. EQUIPO, HERRAMIENTAS Y/O MAQUINARIA
B117: DESCRIPCIÓN | D117: UNIDAD | E117: PRECIO UNITARIO | F117: CANTIDAD | G117: VALOR PARCIAL
B119: HERRAMIENTAS MENORES | D119: %MO | F119: 0.03 | G119: =G132*F119 -> 1839.33
B120: SUBTOTAL | G120: =SUM(G119:G119) -> 1839.33
B121: 2. MATERIALES EN OBRA
B122: DESCRIPCIÓN | D122: UNIDAD | E122: PRECIO UNITARIO | F122: CANTIDAD | G122: VALOR PARCIAL
...

Sheet INSUMOS
A1: GOBERNACION DEL CESAR
A2: SECRETARIA DE INFRAESTRUCTURA
A3: PRECIOS DE REFERENCIA PARA EL DEPARTAMENTO DEL CESAR
B4: LISTADO DE MATERIALES-VALLEDUPAR
A5: Calle 16 No 12 - 120 - Telefax: (5) 5749671 - e-mail: obras@gobcesar.gov.co - Valledupar, Cesar.
A6: FECHA: DE 2.026
A7: ITEMS | B7: DESCRIPCION | C7: UN | D7: VR. UNIT
B8: ESTACA DE MADERA 2" X 2" X 1 MTRO | C8: ml | D8: 3500 | E8: Cesar 2023
B9: TABLA ALGARROBILLO 1" X 4" X 3 MTS | C9: UN | D9: 59500 | E9: Cesar 2023
B10: ALGARROBILLO 2"X2"X3.00MT | C10: UN | D10: 17325 | E10: Cesar 2023
B11: TABLA 1''X2"X3.00MT ALGARROBILLO | C11: UN | D11: 10531 | E11: Cesar 2023
B12: TABLA CEDRO / TOLUA 1" X 30 CM X 3MTS | C12: UN | D12: 60690 | E12: Cesar 2022
B13: TABLA 2''X4"X3.00MT ALGARROBILLO | C13: UN | D13: 56000 | E13: Cesar 2022
B14: TABLAS ALGARROBILLO 1" X 30 X 3MTS | C14: UN | D14: 30801 | E14: Cesar 2022
B15: TABLA ALGARROBILLO BURRA 25CMT X3MTR | C15: UN | D15: 15750 | E15: Cesar 2021
B16: ALGARROBILLO | C16: PIE | D16: 2000 | E16: 2021
B17: TOLUA | C17: PIE | D17: 5000 | E17: 2021
B18: CEDRO | C18: PIE | D18: 5000 | E18: 2021
B19: ROBLE | C19: PIE | D19: 5000 | E19: 2021
B20: CARRETO | C20: PIE | D20: 5000 | E20: 2021
B21: ABARCO | C21: PIE
B22: Equipo de topografía teodolito electrónico con abertura de anteojo de 42- 45 mm. aumento del anteojo: 30x.distancia mínima de enfoque: 1 - 1.5 m. precisión: 5´´ | C22: MES | D22: 3149760 | E22: =13124*8*30 -> 3149760 | F22: 2022
B23: CADENERO 1 | C23: MES | D23: 1801000 | E23: Actualizacion honorarios 2023
B24: CADENERO 2 | C24: MES | D24: 1562000 | E24: Actualizacion honorarios 2023
B25: TOPOGRAFO - Profesional Categoria 5 | C25: MES | D25: 6655000 | E25: Actualizacion honorarios 2023
B26: TOPOGRAFO | C26: DIA | D26: =D25/30 -> 221833.33
B27: TRANSPORTE MATERIAL | C27: M3/KM | D27: 1300
C28: M3
B29: TRANSPORTE MEZCLA DENSA | C29: M3 | D29: 1300
B30: VIBROCOMPACTADOR TIPO DINAPAC CA 15 | C30: h | D30: 112400
B31: CINTA SEGURIDAD DE 75 MM X 100 MTS | C31: ML | D31: =11276/100 -> 112.76
B32: BOMBÓN PLASTICO (20 USOS) | C32: UN | D32: 56050 | E32: OK 2022
B33: TELA VERDE ESTABILIZADA H=2.1 | C33: ML | D33: 2856 | E33: OK 2022
B34: TRANSPORTE MOTONIVELADORA | C34: km | D34: 90000
B35: Motoniveladora potencia 215 HP, ancho de cuchilla 4,27 m, peso 18 ton. | C35: h | D35: 240932 | E35: 2022 | F35: INVIAS | G35: 240932.29
B36: MOTONIVELADORA | C36: h | D36: 240932 | E36: 2022
B37: VOLQUETA | C37: m3/Km | D37: 1152 | E37: Invias | G37: 100000
B38: Cargador : Potencia en el volante 110 hp, Clasificación de RPM del motor 2300. | C38: h | D38: 161971 | E38: 2022 | F38: INVIAS
B39: Cargador : Potencia en el volante 125 hp, Clasificación de RPM del motor 2300. | C39: h | D39: 161971 | E39: 2022 | F39: INVIAS
B40: Retroexcavadora sobre oruga, potencia 138 HP, balde de 1,5 m3. | C40: h | D40: 205185 | E40: 2022 | F40: INVIAS
B41: COMPRESOR DE DOS MARTILLOS | C41: h | D41: 119000 | E41: 2023 | F41: Formaletas
B42: AGUA DE CARROTANQUE | C42: lt | D42: 91 | E42: 2022 | F42: INVIAS
B43: Vibrocompatador Dynapac C15 | C43: h | D43: 138863 | E43: 2022 | F43: INVIAS
B44: CARROTANQUE (1.000 Litros) | C44: h | D44: 72550 | E44: 2022 | F44: INVIAS
B45: VIBROCOMPACTADOR TIPO RANA | C45: d | D45: 116620 | G45: =8099*8 -> 64792
B46: PUNTILLA 2 1/2" X 11 CC | C46: LB | D46: 5415 | E46: Fria Cesar-2023 | F46: =2255*1.16 -> 2615.8
B47: PUNTILLA CON CABEZA 2" 159UN/LB | C47: lb | D47: 5415 | E47: Fria Cesar-2023
B48: PUNTILLA CON CABEZA 3/4 a 1" | C48: lb | D48: 3502.5968 | F48: =2842*1.16 -> 3296.72
B49: PUNTILLA CON CABEZA 1 1/ 2 a 3 1/2" | C49: lb | D49: =+F49 -> 2691.2 | F49: 2691.2
B50: ALAMBRE NEGRO No.17 kG | C50: kg | D50: 9305.8 | E50: 2022
B51: ACERO DE REFUERZO PDR-40 | C51: kg | D51: 4866 | E51: ok
B52: ACERO DE REFUERZO PDR-60 | C52: kg | D52: 5800 | E52: Cesar- Vdupar -Homecenter | F52: 2022
B53: ACERO DE Ø1/4 CORRUGADA | C53: ml | D53: 1884 | E53: Fria Cesar | F53: 2022
B54: ACERO DE Ø1/4 CORRUGADA | C54: kg | I54: =1138*0.25 -> 284.5
B55: ACERO DE Ø3/8 CORRUGADA | C55: ml | D55: 4034 | E55: Fria Cesar | F55: 2022
B56: ACERO DE Ø3/8 CORRUGADA | C56: kg
B57: ACERO DE Ø1/2 CORRUGADA | C57: ml | D57: 7191 | E57: Fria Cesar | F57: 2022
B58: ACERO DE Ø1/2 CORRUGADA | C58: kg | D58: 7191
B59: ACERO DE Ø5/8 CORRUGADA | C59: ml | D59: 11176 | E59: Fria Cesar | F59: 2022
B60: ACERO DE Ø5/8 CORRUGADA | C60: kg
B61: ACERO DE Ø3/4 CORRUGADA | C61: ml | D61: 11176 | E61: Fria Cesar | F61: 2022
B62: ACERO DE Ø3/4 CORRUGADA | C62: kg | D62: 6562
B63: ACERO DE Ø3/4 LISO | C63: kg | F63: 130890.48 | G63: =F63/6 -> 21815.08
B64: ACERO DE Ø1 CORRUGADA | C64: kg
B65: ANGULO 1/4" X 2 1/2" X 6 ML | C65: ml | D65: 44083 | E65: Fria Cesar | F65: 2022
B66: ANGULO 1/4" X 2" X 6 ML | C66: ml | D66: 33998 | E66: Fria Cesar | F66: 2022
B67: ANGULO 1/8" X 1 1/2" X 6 ML | C67: ml | D67: 10755 | E67: Fria Cesar | F67: 2022
B68: PLATINA 1/4" X 1 1/2" X 6 ML | C68: ML | D68: 12456 | E68: 2022
B69: ALAMBRE GALV. K 10 | C69: KG | D69: 9996 | E69: 2022
B70: MALLA GAVION 2 X 1 X 1 K 13 | C70: UN | D70: 86751 | E70: 2022
B71: SEGUETA NICHOLSON | C71: UN | D71: 4701 | E71: 2023
B73: CODO SANITARIO PVC CXC DE 45° DE 2" | C73: UN | D73: 4282
B74: YEE SANITARIA PVC REDUCIDA 4 X 2 | C74: UN | D74: 21324 | E74: 2020
B75: TUBO PVC SANITARIO 4 PULG. | C75: ML | D75: 23716 | E75: 2020
B76: CODO 90° 1/4 CXC SANITARIO 4 | C76: UN | D76: 12202 | E76: 2020
B77: CODO SANITARIO PVC CXC DE 45° DE 4 | C77: UN | D77: 15375 | E77: 2021
B78: UNIÓN PVC SANITARIA 4 | C78: UN | D78: 7962 | E78: 2021
B79: TUBO VENTILACION 4" | C79: ML | D79: 18846 | E79: 2021
B80: SOLDADURA PVC PAVCO 1/4 | C80: UN | D80: 47276 | E80: 2021
B81: LIMPIADOR REMOV. 1/4 PAVCO. | C81: UN | D81: 50901 | E81: 2021
B82: TUBO PVC SANITARIO 2 | C82: ML | D82: 12748 | E82: 2021
B83: YEE SANITARIA 2 | C83: UN | D83: 8206
B84: UNIÓN PVC SANIT 2 | C84: UN | D84: 2885
B85: CODO 90° 1/4 CXC SANITARIO 2 | C85: UN | D85: 4981
B86: TUBO VENTILACION 2" | C86: ML | D86: 8711
B87: UNIÓN PVC SANIT 3" | C87: UN | D87: 4165
B88: UNIÓN PVC SANIT 1 1/2 | C88: UN | D88: 2234
B89: CODO 90° 1/4 CXC SANITARIO 1 1/2 | C89: UN | D89: 4183
B90: TUBO PVC SANITARIO 1 1/2 | C90: ML | D90: 9503
B91: CODO 90° 1/4 CXC SANITARIO 3" | C91: UN | D91: 8286
B92: TUBO PVC SANITARIO 3" | C92: ML | D92: 19859 | E92: 2021
B93: CODO SANITARIO PVC CXC DE 45° DE 3" | C93: UN | D93: 9203
B94: TUBO VENTILACION 3" | C94: ML | D94: 11627
B95: TUBO PVC SANITARIO 6" | C95: ML | D95: 56193 | E95: 2021
B96: CODO SANITARIO PVC CXC DE 45° DE 6" | C96: UN | D96: 56424 | E96: 2021
B97: UNIÓN PVC SANITARIA 6 | C97: UN | D97: 36463
B98: TUBO PVC AGUAS NEGRAS 6" Novafor de pavco 160 MM | C98: ML | D98: 31812
B99: TUBO PVC AGUAS NEGRAS 8" Novafor de pavco 200 MM | C99: ML | D99: 43445
B100: TUBO PVC AGUAS NEGRAS 10" Novafor 250 MM | C100: ML | D100: 63454 | E100: 63454.172
B101: TUBO PVC AGUAS NEGRAS 12" Novafor 315 MM | C101: ML | D101: 93819
...
